 Dungeon Crawl Stone Soup version 0.30-a0-782-ge64f9170bb (webtiles) character file.

Game seed: 14553781633061064081

1719439 Zappman123 the Sorcerer (level 27, 175/179 HPs)
             Began as a Djinni Cinder Acolyte on Feb 17, 2023.
             Was an Initiate of Ignis.
             Escaped with the Orb
             ... and 3 runes on Feb 18, 2023!
             The game lasted 04:55:37 (64884 turns).

Zappman123 the Sorcerer (Djinni Cinder Acolyte)    Turns: 64884, Time: 04:55:38

Health: 175/179    AC: 20    Str: 16      XL:     27
Gold:   5715       EV: 27    Int: 24 (27) God:    Ignis [......] SH: 10 Dex: 18

rFire   + + +      SeeInvis +    a - staff of air
rCold   + + .      Faith    .    M - +3 buckler {rN+}
rNeg    + + +      Spirit   .    O - +4 ring mail "Gysanywk" {rPois rC+ Stlth+}
rPois   ∞          Reflect  .    n - +2 helmet of Duniustux {Str+3 Dex+4 SInv}
rElec   +          Harm     .    w - scarf {rC+ rF+}
rCorr   +          Rampage  .    g - +2 pair of gloves {Stlth+}
Will    +++++      Clarity  +    (boots unavailable)
Stlth   +                        Z - amulet of the Four Winds {rN+ Will+++ Clar}
HPRegen 1.29/turn                S - ring "Kejinn" {rC+ rN+ Int+2}
MPRegen 0.00/turn                T - ring "Okyoz" {rCorr EV+5}

@: flying, studying 2 skills
A: sickness immunity, fire resistance 3, cold vulnerability 1, float, innate
caster, HP casting, extra vitality 1, fangs 1, iridescent scales 1, deformed
body, frail 1, regeneration 1, inability to drink after injury 1
0: Orb of Zot
}: 3/15 runes: barnacled, slimy, gossamer
a: Renounce Religion, Rising Flame


You escaped.
You worshipped Ignis.
Ignis was noncommittal.
You visited 11 branches of the dungeon, and saw 55 of its levels.
You visited the Abyss 3 times.
You visited 1 bazaar.
You also visited: Sewer, Gauntlet, Volcano and Desolation.

You collected 10228 gold pieces.
You spent 4513 gold pieces at shops.

Inventory:

Hand Weapons
 b - the +12 spear "Otut" {heavy, Will+ rCorr}
   (You found it on level 1 of the Crypt)

   rCorr:     It protects you from acid and corrosion.
   Will:      It increases your willpower.
 d - a +9 short sword of freezing
Missiles
 A - 8 curare-tipped darts (quivered)
Armour
 g - a +2 pair of gloves of stealth (worn)
 n - the +2 helmet of Duniustux (worn) {Str+3 Dex+4 SInv}
   (You found it in a Gauntlet)

   Str:       It affects your strength (+3).
   Dex:       It affects your dexterity (+4).
   SInv:      It lets you see invisible.
 w - a scarf of resistance (worn)
 M - a +3 buckler of positive energy (worn)
 O - the +4 ring mail "Gysanywk" (worn) {rPois rC+ Stlth+}
   (You found it on level 4 of the Spider Nest)

   rC:        It protects you from cold.
   rPois:     It protects you from poison.
   Stlth:     It makes you more stealthy.
Magical Staves
 a - a staff of air (weapon)
Jewellery
 S - the ring "Kejinn" (left hand) {rC+ rN+ Int+2}
   (You found it on level 4 of the Shoals)

   [ring of positive energy]

   Int:       It affects your intelligence (+2).
   rC:        It protects you from cold.
   rN:        It protects you from negative energy.
 T - the ring "Okyoz" (right hand) {rCorr EV+5}
   (You bought it in a shop in a bazaar)

   [ring of evasion]

   EV:        It affects your evasion (+5).
   rCorr:     It protects you from acid and corrosion.
 Z - the amulet of the Four Winds (around neck) {rN+ Will+++ Clar}
   (You found it on level 3 of the Crypt)

   [amulet of nothing]

   rN:        It protects you from negative energy.
   Clar:      It protects you against confusion.
   Will:      It greatly increases your willpower.
Wands
 J - a wand of charming (8)
 K - a wand of iceblast (14)
 L - a wand of quicksilver (7)
 P - a wand of polymorph (7)
 Q - a wand of digging (18)
Scrolls
 c - a scroll of summoning
 i - 15 scrolls of teleportation
 p - 5 scrolls of blinking
 y - 3 scrolls of immolation
 B - 2 scrolls of silence
 C - a scroll of poison
 E - a scroll of magic mapping
 F - 6 scrolls of fog
 G - 9 scrolls of fear
 V - 9 scrolls of vulnerability
Potions
 e - a potion of berserk rage
 f - 10 potions of heal wounds
 l - 8 potions of brilliance
 o - 10 potions of invisibility
 s - 4 potions of cancellation
 x - 3 potions of resistance
 D - 7 potions of ambrosia
 I - 2 potions of haste
 N - 5 potions of might
 R - 30 potions of curing
 W - 8 potions of mutation
Miscellaneous
 j - a lightning rod (4/4)
 k - a tin of tremorstones (2/2)
 m - a condenser vane
 q - a phantom mirror
 v - a box of beasts
 z - a phial of floods


   Skills:
 + Level 17.9 Fighting
 - Level 4.0 Short Blades
 + Level 19.6 Armour
 + Level 19.9 Dodging
 - Level 10.0 Shields
 - Level 26.0 Spellcasting
 - Level 14.0 Evocations


You had 6 spell levels left.
You knew the following spells:

 Your Spells              Type           Power      Damage    Failure   Level
a - Necrotise             Necr           100%       1d9       0%          1
b - Scorch                Fire           100%       2d10      0%          2
c - Ensorcelled Hibernat  Hex/Ice        100%       N/A       0%          2
d - Spider Form           Tmut/Pois      100%       N/A       0%          3
e - Gell's Gravitas       Tloc           100%       N/A       0%          3
f - Anguish               Hex/Necr       51%        N/A       0%          4
g - Summon Cactus Giant   Summ           51%        N/A       0%          6
h - Enfeeble              Hex            51%        N/A       1%          7
i - Maxwell's Capacitive  Air            62%        ∞         1%          8
j - Fire Storm            Conj/Fire      51%        8d13      4%          9
k - Dragon's Call         Summ           51%        N/A       4%          9
x - Conjure Ball Lightni  Conj/Air       62%        3x3d22    0%          6
z - Borgnjor's Vile Clut  Necr/Erth      51%        N/A       0%          5
O - Storm Form            Tmut/Air       62%        N/A       1%          7
Your spell library was empty.

Dungeon Overview and Level Annotations

Branches:
Dungeon (15/15)            Temple (0/1) D:6            Lair (5/5) D:9
 Shoals (4/4) Lair:3       Spider (4/4) Lair:2        Slime (5/5) Lair:5
    Orc (2/2) D:10            Elf (3/3) Orc:2        Vaults (5/5) D:13
  Crypt (3/3) Vaults:2       Tomb (0/3) Crypt:3      Depths (4/4) D:15
    Zot (5/5) Depths:4      Sewer (visited)         Volcano (visited)
Desolation (visited)      Gauntlet (visited)

Altars:
Ashenzari
Cheibriados
Elyvilon
Gozag
Hepliaklqana
Makhleb
Nemelex Xobeh
Wu Jian
Xom
Yredelemnul
Zin
The Shining One
Jiyva
Lugonu

Shops:
D:2 *   D:4 ?   D:9 :   D:12 (   Orc:2 *?(***!([*   Elf:2 =   Shoals:2 :[(
Vaults:1 [

Portals:
Hell: Depths:1 Depths:2 Depths:3 Depths:4
Abyss: Lair:5 Depths:2 Depths:3
Pandemonium: Depths:1 Depths:2
Ziggurat: Depths:3

Annotations:
D:6 2 transporters, kae's ghost, novice GrEE
D:12 1 runed translucent door, Nissa's ghost, journeyman MiFi
D:13 2 runed translucent doors
D:14 exclusion: 2 downstairs
Lair:3 1 runed translucent door, Diecruk's ghost, journeyman GnHu
Lair:4 /vane, exclusion: downstairs
Spider:1 exclusion: 2 downstairs
Spider:3 exclusion: cactus giant
Orc:1 2 transporters, wogdood's ghost, journeyman TrFi
Vaults:2 exclusion: upstairs
Depths:3 1 transporter, 1 exclusion
Zot:5 3 exclusions


Innate Abilities, Weirdness & Mutations

You are immune to sickness and miasma.
You are immune to poison.
Your flesh is almost immune to the effects of heat. (rF+++)
You are vulnerable to cold. (rC-)
You float through the air rather than walking.
You learn spells naturally, not from books.
Your magical power is your life essence.
You have superior vitality. (+4 MHP)
You have very sharp teeth.
You are partially covered in iridescent scales. (AC +2)
Armour fits poorly on your strangely shaped body.
You are frail. (-10% HP)
Your natural rate of healing is unusually fast.
You occasionally lose the ability to drink potions when taking damage.


Message History

What level of the Dungeon? (default 1, ? - help)
You see here a +0 falchion.
There is a stone staircase leading up here.
You fly upwards.
There is a stone staircase leading down here.
A tormentor comes into view.
Casting: Maxwell's Capacitive Coupling (mildly dangerous; 1% risk of failure)
Confirm with . or Enter, or press ? or * to list all spells.
You feel a surge of power!
You begin accumulating electric charge. (Press . to continue charging.)
You feel charge building up...
You take 7 damage, and have 172/179 hp.
You feel charge building up...
The tormentor calls on the powers of darkness!
Your body is wracked with pain!
You take 58 damage, and have 114/179 hp.
You feel charge building up...
The electricity discharges through the tormentor!
The tormentor vaporises in an electric haze!
You kill the tormentor!
(D) Dungeon (T) Temple (L) Lair (A) Shoals (N) Spider Nest (M) Slime Pits (O) Orcish Mines (E) Elven Halls (V) Vaults (C) Crypt (W) Tomb (U) Depths (H) Hell (Z) Zot
Where to? (Enter - D:1, ? - help)
What level of the Dungeon? (default 1, ? - help)
There is an entrance to Teth's Assorted Antiques here.
There is a stone staircase leading up here.
You fly upwards.
There is a stone staircase leading down here.
Unknown command.
Aiming: Dig
Press: ? - help, Shift-Dir - straight line A rock wall.
This square is covered in magical glow.
The rock shatters into small pieces.
Okay, then.
Unknown command.
There is a staircase leading out of the dungeon here.
You have escaped!

.....~≈≈≈≈≈≈≈≈≈≈≈≈≈≈≈≈≈≈≈≈≈~.....
.....~≈≈≈≈≈≈≈≈≈≈≈≈≈≈≈≈≈≈≈≈≈~.....
.....≈≈≈#+#+#≈≈≈≈≈≈≈#'#+#≈≈~...#.
.....~≈≈+>..##+###'##..(+≈≈≈...#.
...[.~≈≈+...+.......+...+≈≈~...##
.....~≈≈#'##.)#####.###+#≈~~...#.
.....≈≈≈≈≈'...#...#...#≈≈~~....#.
.....≈≈≈≈≈#.##....'.⌠.+≈~~..⌠..#.
.....≈≈≈≈≈#.###.@.'.⌠.+~≈~..⌠..#.
.....≈≈≈≈≈'...#...#...#≈~~~....#.
##...~≈≈#'###.###.#.#+#'#≈≈~...#.
#...~≈≈+...#.......#...+≈≈~...#.
#...~≈≈+...##+###'##...+≈≈~...#.
#...~≈≈#'#+#≈≈≈≈≈≈≈#'#+#≈≈≈.(...
#...~≈≈≈≈≈≈≈≈≈≈≈≈≈≈≈≈≈≈≈≈≈≈.....
#...≈~≈≈≈≈≈≈≈≈≈≈≈≈≈≈≈≈≈≈≈≈≈.....
#...~~~~~~~≈≈~~~~~≈~~≈~≈~≈~...#.


There were no monsters in sight!

Vanquished Creatures
  the Royal Jelly (Slime:5)
  4 dread liches
  3 ancient liches
  4 orbs of fire (Zot:5)
  Sojobo (Crypt:3)
  Boris (Vaults:2)
  Vv (Depths:2)
  Margery (Vaults:2)
  Parghit (Depths:4)
  3 Killer Klowns
  3 curse toes
  Bai Suzhen (Vaults:4)
  10 golden dragons
  A profane servitor (Depths:3)
  Arachne (Spider:4)
  the Enchantress (Depths:4)
  3 bone dragons
  A Tzitzimitl (Depths:1)
  2 electric golems (Zot:5)
  3 doom hounds (Depths:2)
  Zenata (Crypt:2)
  7 tentacled monstrosities
  Rupert (Orc:2)
  6 liches
  A deep elf blademaster (Elf:3)
  Grunn (Depths:2)
  15 Orb Guardians (Zot:5)
  A kraken (Shoals:4)
  5 deep elf master archers (Elf:3)
  2 quicksilver dragons
  4 tentacled starspawn
  5 acid blobs (Slime:5)
  8 ancient champions
  A sphinx (Depths:2)
  4 death cobs
  3 tengu reavers
  3 shadow dragons
  Donald (Crypt:2)
  4 draconian monks
  7 azure jellies
  8 storm dragons
  A revenant (Crypt:3)
  Aizul (Shoals:3)
  5 rockslimes
  4 fire giants
  5 draconian knights
  5 frost giants
  4 deep elf sorcerers
  The ghost of Lyshro Ryrr the Eclecticist, an adept VSWr of Wu Jian (Depths:2)
  2 iron dragons (Depths:3)
  9 vault wardens
  3 spectral juggernauts (Depths:2)
  2 emperor scorpions (Spider:4)
  10 ghost moths
  3 draconian shifters
  4 draconian scorchers
  2 balrugs
  An orc warlord (Vaults:3)
  4 deep elf elementalists
  4 draconian stormcallers
  5 caustic shrike skeletons (Crypt:3)
  8 ghouls
  3 spriggan defenders (Depths:4)
  12 ironbound preservers
  A broodmother (Spider:3)
  5 ironbound thunderhulks
  A war gargoyle (Vaults:3)
  2 draconian annihilators (Zot:1)
  9 quicksilver oozes
  12 very ugly things
  12 stone giants
  Nessos (D:12)
  3 green draconians
  8 purple draconians
  3 vampire knights
  5 red draconians
  3 halazid warlocks (Desolation)
  6 deep elf annihilators (Elf:3)
  3 deep elf demonologists
  6 white draconians
  3 yellow draconians (Zot:1)
  5 dire elephants
  3 spark wasps
  2 spectral titans (Depths:2)
  A minotaur (Gauntlet)
  5 black draconians
  Snorg (Orc:2)
  A crystal guardian (Desolation)
  The ghost of MCDelver the Frost Mage, a journeyman OpFE of Gozag (Lair:3)
  4 merfolk javelineers
  4 ettins
  An eidolon (Crypt:1)
  11 jiangshi
  6 merfolk impalers
  5 deep elf death magi
  3 entropy weavers
  2 ragged hierophants (Desolation)
  4 deep elf high priests
  8 fire dragons
  2 rakshasas (Depths:2)
  Josephine (D:15)
  4 great orbs of eyes
  7 ice dragons
  5 servants of whispers (Desolation)
  3 hydras
  4 spriggan air magi
  15 vault guards
  A yaktaur captain (Vaults:4)
  7 peacekeepers
  4 jorogumos
  An ogre mage (Vaults:3)
  An alligator snapping turtle (Shoals:4)
  2 merfolk aquamancers
  2 catoblepae
  3 merfolk avatars
  2 ironbound frosthearts
  2 juggernaut simulacra (Depths:2)
  3 death knights
  A spriggan skeleton (Crypt:1)
  12 centaur warriors
  A spectral stone giant (Depths:2)
  5 deep troll earth magi
  3 two-headed ogres
  4 death yaks
  12 deep troll shamans
  3 satyrs
  6 thrashing horrors
  7 boulder beetles
  8 dancing weapons
  5 vampire magi
  6 tengu warriors
  4 titan zombies
  2 soul eaters
  A titan skeleton (Crypt:3)
  A shock serpent (shapeshifter) (D:15)
  An orc high priest (Elf:3)
  3 wretched stars
  13 spriggan berserkers
  A sun demon (Depths:3)
  19 deep elf knights
  A shadow wraith (Vaults:2)
  15 hell knights
  A salamander mystic (Depths:4)
  Lodul (D:12)
  4 pharaoh ants
  4 iron trolls
  A fire crab (Vaults:4)
  5 glowing orange brains
  10 sea snakes
  24 skeletal warriors
  4 skysharks
  A bog body (Crypt:2)
  47 deep trolls
  5 steelbarb worms
  8 deep elf archers
  2 anaconda skeletons (Crypt:3)
  6 flayed ghosts
  8 orb spiders
  An orange crystal statue (Depths:3)
  A jorogumo zombie (Crypt:3)
  A sphinx zombie (Vaults:1)
  21 deep elf pyromancers
  2 phantasmal warriors
  7 wizards
  6 lindwurms
  8 harpies
  17 ironbound convokers
  Pikel (D:4)
  12 orc knights
  8 necromancers
  29 ugly things
  A manticore (shapeshifter) (D:13)
  27 deep elf zephyrmancers
  2 orc sorcerers
  2 worldbinders (Abyss:2)
  7 fauns
  15 wolf spiders
  15 manticores
  8 moths of wrath
  9 cyclopes
  4 shining eyes
  A stone giant zombie (Depths:2)
  4 salamanders
  2 water nymphs
  6 merfolk sirens
  A water nymph (shapeshifter) (Vaults:2)
  4 elephants (Lair:3)
  A gargoyle (Volcano)
  4 guardian serpents
  4 demonic crawlers
  5 black mambas
  9 vault sentinels
  A rust devil (Abyss:3)
  2 torpor snails (Spider:4)
  12 cane toads
  2 molten gargoyles (Desolation)
  6 smoke demons
  An elf skeleton (Vaults:1)
  A steelbarb worm zombie (Crypt:2)
  3 dire elephant skeletons (Crypt:3)
  2 tormentors
  2 unseen horrors (D:10)
  A minotaur zombie (Gauntlet)
  A kobold demonologist (D:13)
  An efreet (Volcano)
  12 komodo dragons
  22 yaktaurs
  3 tengu conjurers
  4 freezing wraiths
  3 rime drakes
  4 ancient zymes
  5 trolls
  21 merfolk
  6 meliai
  A mana viper skeleton (Crypt:1)
  A polar bear (Lair:2)
  2 hornets (Depths:3)
  A wind drake (Shoals:4)
  A hellwing (Abyss:2)
  A wind drake (shapeshifter) (Lair:5)
  30 saltlings (Desolation)
  20 tarantellas
  4 raiju
  9 snapping turtles
  A hydra skeleton (Crypt:3)
  2 ettin zombies
  25 blink frogs
  A raiju (shapeshifter) (D:13)
  A shadow (D:11)
  3 dream sheep (Shoals:1)
  4 air elementals
  A merfolk skeleton (Crypt:3)
  3 ettin skeletons (Crypt:3)
  20 slime creatures
  3 ynoxinuls
  11 water elementals
  16 culicivoras
  4 wyverns
  A centaur simulacrum (Crypt:3)
  7 wraiths
  78 yaks
  20 jumping spiders
  2 vampires
  2 flying skulls (Crypt:2)
  A hog (shapeshifter) (Elf:2)
  9 spriggans
  9 basilisks
  3 fire elementals
  8 golden eyes
  A human (shapeshifter) (Depths:1)
  6 chaos spawn
  2 steam dragons
  26 redbacks
  2 neqoxecs (Abyss:2)
  8 vampire mosquitoes
  2 death yak simulacra (Lair:5)
  A warg (shapeshifter) (Lair:5)
  2 naga zombies
  A merfolk zombie (Crypt:1)
  8 wargs
  2 harpy simulacra
  An acid dragon (D:10)
  18 small abominations
  A floating eye (Depths:2)
  11 water moccasins
  5 nameless horrors
  A demonspawn skeleton (Crypt:3)
  23 orc warriors
  A sky beast (D:7)
  5 black bears
  A human zombie (Vaults:1)
  11 ogres
  8 wolves
  5 boggarts (D:14)
  A cane toad skeleton (Crypt:1)
  4 starcursed masses (Abyss:2)
  2 human skeletons (Vaults:4)
  8 large abominations
  A dream sheep zombie (Crypt:2)
  A boggart (shapeshifter) (Depths:2)
  7 centaurs
  2 phantoms
  A blink frog skeleton (Crypt:1)
  A kobold brigand (D:6)
  6 bullfrogs
  3 scorpions
  3 gnoll sergeants
  21 wights
  5 killer bees (D:14)
  2 electric eels
  11 howler monkeys
  A crimson imp (Abyss:2)
  A quasit (Abyss:2)
  3 hounds
  A gnoll bouda (D:6)
  20 orc priests
  7 jellies
  An iron imp (D:7)
  4 iguanas
  26 orc wizards
  A polar bear simulacrum (Lair:5)
  Robin (D:2)
  17 gnolls
  A swamp drake zombie (Crypt:1)
  7 adders
  3 white imps
  An ufetubus (D:6)
  2 worms
  2 dart slugs
  113 orcs
  14 ball pythons
  10 endoplasms
  4 giant cockroaches
  11 goblins
  16 hobgoblins
  4 jackals
  5 quokkas
  10 bats
  7 frilled lizards
  A hobgoblin zombie (Crypt:2)
  9 kobolds
  A kobold zombie (Crypt:2)
  An orc zombie (Crypt:2)
  A quokka zombie (Crypt:1)
  12 rats
  3 starspawn tentacles
1933 creatures vanquished.

Vanquished Creatures (collateral kills)
  Boris (Vaults:4)
  2 bone dragons
  5 Orb Guardians
  Jorgrun (Spider:2)
  A lich (Abyss:3)
  A deep elf blademaster (Elf:3)
  A tentacled starspawn (Abyss:2)
  6 acid blobs
  A sphinx (Vaults:2)
  4 azure jellies
  A tengu reaver (Vaults:4)
  A revenant (Crypt:3)
  6 rockslimes
  2 draconian monks
  2 ghost moths (Spider:4)
  3 deep elf sorcerers (Elf:3)
  2 emperor scorpions
  A draconian shifter (Zot:5)
  A ghoul (Crypt:2)
  3 vault wardens
  2 imperial myrmidons (Desolation)
  A broodmother (Spider:3)
  An orc warlord (Vaults:2)
  A spriggan defender (Depths:4)
  3 ironbound preservers
  3 caustic shrike skeletons (Crypt:3)
  A quicksilver ooze (Slime:5)
  A stone giant (Depths:1)
  A draconian annihilator (Zot:5)
  2 war gargoyles
  3 very ugly things
  A green draconian (Zot:5)
  2 putrid mouths (Depths:1)
  3 ironbound thunderhulks
  A bunyip (Abyss:2)
  A red draconian (Zot:5)
  A dire elephant (Vaults:4)
  A spark wasp (Spider:4)
  A white draconian (Zot:5)
  A merfolk javelineer (Shoals:4)
  2 ragged hierophants
  4 merfolk impalers (Shoals:4)
  2 yaktaur captains
  3 entropy weavers
  5 great orbs of eyes
  2 servants of whispers (Desolation)
  2 hydras (D:13)
  5 peacekeepers (Desolation)
  3 vault guards (Vaults:4)
  5 boulder beetles
  A satyr (Shoals:4)
  A two-headed ogre (D:13)
  A merfolk aquamancer (Shoals:4)
  3 centaur warriors
  18 dancing weapons
  A spriggan skeleton (Crypt:3)
  A tengu warrior (Depths:1)
  A deep troll shaman (Depths:2)
  4 deep troll earth magi
  2 ironbound frosthearts
  3 vampire magi
  A thrashing horror (Abyss:2)
  A titan zombie (Depths:2)
  A spriggan (Depths:4)
  A spriggan berserker (Depths:1)
  A titan skeleton (Crypt:3)
  A hell knight (Depths:1)
  A deep elf knight (Elf:3)
  3 sun moths
  2 iron trolls
  10 skeletal warriors
  A pharaoh ant (Spider:4)
  A skyshark (Shoals:2)
  2 orb spiders (Spider:4)
  A flayed ghost (Crypt:3)
  2 bunyip skeletons (Crypt:3)
  5 lindwurms
  18 deep trolls
  2 sea snakes
  A deep elf archer (Elf:3)
  4 ironbound convokers
  7 harpies
  A steelbarb worm (Spider:1)
  A necromancer (Depths:2)
  An orc sorcerer (Orc:1)
  9 orc knights
  A wolf spider zombie (Crypt:3)
  2 stone giant zombies (Depths:2)
  6 deep elf zephyrmancers
  7 wolf spiders
  3 cyclopes (D:13)
  9 deep elf pyromancers
  4 ugly things
  2 shining eyes (Slime:5)
  A manticore (D:13)
  3 moths of wrath (Zot:1)
  An iron dragon skeleton (Crypt:3)
  A merfolk siren (Shoals:4)
  A centaur zombie (Crypt:1)
  A water nymph (Shoals:2)
  2 smoke demons (Abyss:2)
  An eye of devastation (Slime:3)
  A torpor snail (Spider:4)
  2 vault sentinels
  2 demonic crawlers (Spider:4)
  2 centaur skeletons
  An alligator snapping turtle zombie (Crypt:3)
  An efreet (D:15)
  A red draconian zombie (Crypt:1)
  A dire elephant skeleton (Crypt:3)
  A yaktaur skeleton (Vaults:4)
  6 yaktaurs
  6 ancient zymes
  2 wind drakes (Shoals:4)
  4 merfolk
  3 trolls
  2 meliai
  2 hornets
  10 tarantellas
  A raiju (Abyss:3)
  20 saltlings
  A snapping turtle (Shoals:1)
  A boulder beetle zombie (Crypt:2)
  6 jumping spiders
  4 culicivoras
  40 slime creatures
  6 flying skulls
  An ettin skeleton (Vaults:4)
  A vampire (Abyss:2)
  3 wraiths
  3 fire elementals
  2 water elementals
  2 golden eyes (Slime:4)
  A fire bat (Abyss:3)
  23 redbacks
  5 vampire mosquitoes
  6 wargs (Orc:2)
  4 large abominations
  A human skeleton (Vaults:4)
  A nameless horror (D:14)
  A floating eye (Slime:5)
  16 orc warriors
  A naga skeleton (Abyss:2)
  4 ogres
  A gnoll sergeant (D:12)
  An earth elemental (Elf:2)
  A necrophage (Crypt:2)
  5 wights (Crypt:3)
  A yak skeleton (Crypt:2)
  A starcursed mass (Abyss:2)
  3 orc priests
  A small abomination (Abyss:3)
  An orc wizard (Orc:2)
  A deep dwarf zombie (Crypt:3)
  A gnoll (D:12)
  An iguana zombie (Crypt:1)
  25 orcs
  A bat skeleton (Crypt:3)
  4 ball lightnings
  A starspawn tentacle (Abyss:3)
518 creatures vanquished.

Vanquished Creatures (others)
  A lich (Abyss:3)
  A peacekeeper (Desolation)
  An ogre mage (D:15)
  A deep elf pyromancer (D:15)
  A tengu (Abyss:3)
  A killer bee (D:14)
  An orc wizard (D:11)
  A boggart simulacrum (D:15)
  342 ball lightnings
  20 demonic plants (Gauntlet)
  46 fire vortices
  58 foxfires
  59 fungi
  126 plants
  3 starspawn tentacles (Abyss:3)
  4 tentacles (Shoals:4)
666 creatures vanquished.

Grand Total: 3117 creatures vanquished

Notes
Turn   | Place    | Note
-------+----------+-------------------------------------------
     0 | D:1      | Zappman123 the Djinni Cinder Acolyte began the quest for
                  | the Orb.
     0 | D:1      | Zappman123 set off with the following spells memorised:
                  | Scorch.
     0 | D:1      | Reached XP level 1. HP: 20/20 MP: 0/0
    72 | D:1      | HP: 2/20 [frozen (7)]
   154 | D:1      | Found a faded altar of an unknown god.
   162 | D:1      | Reached XP level 2. HP: 25/25 MP: 0/0
   214 | D:1      | HP: 1/25 [quokka (5)]
   422 | D:1      | Reached XP level 3. HP: 24/30 MP: 0/0
   422 | D:1      | Learned a level 1 spell: Necrotise
  1093 | D:2      | Noticed Robin
  1107 | D:2      | Reached XP level 4. HP: 27/35 MP: 0/0
  1111 | D:2      | Killed Robin
  1352 | D:2      | Reached skill level 3 in Spellcasting
  1584 | D:2      | Reached XP level 5. HP: 28/40 MP: 0/0
  1584 | D:2      | Learned a level 2 spell: Ensorcelled Hibernation
  1594 | D:2      | Found Teth's Assorted Antiques.
  2536 | D:3      | Reached XP level 6. HP: 37/48 MP: 0/0
  3247 | D:4      | Reached skill level 4 in Spellcasting
  3351 | D:4      | Found an opulent altar of Gozag.
  3437 | D:4      | Noticed a black bear
  3444 | D:4      | Killed a black bear
  3445 | D:4      | Reached skill level 5 in Fighting
  3445 | D:4      | Reached XP level 7. HP: 43/54 MP: 0/0
  3445 | D:4      | Learned a level 3 spell: Spider Form
  3688 | D:4      | Noticed Pikel
  3694 | D:4      | Killed Pikel
  3695 | D:4      | Reached skill level 5 in Spellcasting
  3695 | D:4      | Reached XP level 8. HP: 61/61 MP: 0/0
  3761 | D:4      | Found Yrphuduupn's Magic Scroll Shop.
  3846 | D:4      | Bought a scroll of poison for 56 gold pieces
  4278 | D:5      | Entered Level 5 of the Dungeon
  4500 | D:5      | Reached skill level 1 in Armour
  4500 | D:5      | Reached skill level 1 in Dodging
  4504 | D:5      | Reached skill level 6 in Spellcasting
  4715 | D:5      | Reached XP level 9. HP: 32/66 MP: 0/0
  4715 | D:5      | Learned a level 3 spell: Gell's Gravitas
  5378 | D:5      | Found a white marble altar of Elyvilon.
  5429 | D:6      | Reached skill level 5 in Dodging
  5624 | D:5      | Reached skill level 5 in Armour
  5974 | D:6      | Found a glowing drain.
  5991 | Sewer    | Entered a sewer
  6405 | D:6      | Found a staircase to the Ecumenical Temple.
  6418 | D:6      | Reached XP level 10. HP: 68/72 MP: 0/0
  6938 | D:6      | Found a transporter.
  7192 | D:6      | Found a transporter.
  7192 | D:6      | Noticed kae's ghost (novice GrEE)
  7229 | D:6      | Found the +1 Delatra's gloves {ID++}
  8350 | D:7      | Found a snail-covered altar of Cheibriados.
  8750 | D:8      | HP: 7/72 [water moccasin (6)]
  9590 | D:9      | Found a sparkling altar of Nemelex Xobeh.
  9605 | D:9      | Reached XP level 11. HP: 68/76 MP: 0/0
  9605 | D:9      | Learned a level 4 spell: Anguish
  9625 | D:9      | Reached skill level 10 in Dodging
  9665 | D:9      | Found Himnoatt's Book Emporium.
  9676 | D:9      | Found a basalt altar of Yredelemnul.
  9677 | D:9      | Found a burning altar of Makhleb.
  9679 | D:9      | Found a hazy altar of Hepliaklqana.
  9679 | D:9      | Found a glowing golden altar of the Shining One.
  9680 | D:9      | Found a broken altar of Ashenzari.
  9851 | D:9      | Reached skill level 10 in Armour
 10054 | D:9      | Identified the +0 chain mail of the Sailor {Will+ rCorr
                  | Str-3 Dex+3}
 10250 | D:9      | Found a staircase to the Lair.
 10567 | D:10     | Entered Level 10 of the Dungeon
 10625 | D:10     | Found a staircase to the Orcish Mines.
 10677 | D:10     | Noticed a centaur warrior
 10691 | D:10     | Killed a centaur warrior
 10908 | D:10     | Noticed a two-headed ogre
 10930 | D:10     | Killed a two-headed ogre
 11088 | D:10     | Reached skill level 10 in Fighting
 11089 | D:10     | Reached XP level 12. HP: 78/91 MP: 0/0
 11109 | D:10     | Found an ornate altar of the Wu Jian Council.
 12458 | Lair:1   | Entered Level 1 of the Lair of Beasts
 13362 | Lair:2   | Reached skill level 7 in Spellcasting
 13630 | Lair:2   | Reached skill level 8 in Spellcasting
 13634 | Lair:2   | Reached XP level 13. HP: 30/101 MP: 0/0
 13634 | Lair:2   | Learned a level 5 spell: Borgnjor's Vile Clutch
 13691 | Lair:2   | Found a hole to the Spider Nest.
 14354 | Lair:3   | Reached skill level 9 in Spellcasting
 14448 | Lair:3   | Gained mutation: Your body sometimes deteriorates upon
                  | taking damage. [potion of mutation]
 14448 | Lair:3   | Gained mutation: You are frail. (-10% HP) [potion of
                  | mutation]
 14486 | Lair:3   | Noticed an eight-headed hydra
 14509 | Lair:3   | Killed an eight-headed hydra
 14579 | Lair:3   | Noticed a catoblepas
 14601 | Lair:3   | Killed a catoblepas
 14629 | Lair:3   | Reached skill level 10 in Spellcasting
 14640 | Lair:3   | Found a staircase to the Shoals.
 14680 | Lair:3   | Found a runed translucent door.
 14681 | Lair:3   | Noticed Diecruk's ghost (journeyman GnHu)
 15330 | Lair:4   | Noticed MCDelver's ghost (journeyman OpFE)
 15330 | Lair:4   | Found a runed translucent door.
 15373 | Lair:3   | Reached skill level 11 in Spellcasting
 15621 | Lair:4   | Noticed an eight-headed hydra
 15629 | Lair:4   | Killed an eight-headed hydra
 15802 | Lair:4   | Reached XP level 14. HP: 95/96 MP: 0/0
 16251 | Lair:5   | Entered Level 5 of the Lair of Beasts
 16333 | Lair:5   | Found a gate leading to a gauntlet.
 16464 | Gauntlet | Entered a Gauntlet
 16464 | Gauntlet | Found a transporter.
 16474 | Gauntlet | Found a transporter.
 16474 | Gauntlet | Noticed a balrug
 16492 | Gauntlet | Found a transporter.
 16495 | Gauntlet | Found a transporter.
 16516 | Gauntlet | Found a transporter.
 16529 | Gauntlet | Found a transporter.
 16531 | Gauntlet | Found a runed translucent door.
 16543 | Gauntlet | Found a transporter.
 16572 | Gauntlet | Found a transporter.
 16572 | Gauntlet | Found a transporter.
 16577 | Gauntlet | Found a transporter.
 16600 | Gauntlet | Found a transporter.
 16604 | Gauntlet | Found a transporter.
 16605 | Gauntlet | an ice dragon changed into a quicksilver ooze
 16605 | Gauntlet | Noticed a quicksilver ooze (glowing shapeshifter)
 16608 | Gauntlet | Found a runed translucent door.
 16643 | Gauntlet | Noticed a dire elephant
 16648 | Gauntlet | a dire elephant changed into a catoblepas
 16670 | Gauntlet | Killed a balrug
 16671 | Gauntlet | Noticed a bunyip
 16672 | Gauntlet | Identified the +2 helmet of Duniustux {Str+3 Dex+4 SInv}
 16679 | Gauntlet | a bunyip changed into a wolf spider
 16680 | Gauntlet | a wolf spider changed into a spark wasp
 16680 | Gauntlet | Noticed a spark wasp (glowing shapeshifter)
 16682 | Gauntlet | a spark wasp changed into a great orb of eyes
 16685 | Gauntlet | a great orb of eyes changed into a bunyip
 16685 | Gauntlet | Noticed a bunyip (glowing shapeshifter)
 16687 | Gauntlet | a bunyip changed into an alligator
 16717 | Gauntlet | Identified the amulet of the Imp {RegenMP *Slow Fly Str+2
                  | Int+3}
 16739 | Gauntlet | Noticed a minotaur
 16744 | Gauntlet | Killed a minotaur
 16748 | Gauntlet | Identified the +2 leather armour of Ganorghe {Dex+3 Slay+3}
 16780 | Gauntlet | Reached skill level 12 in Spellcasting
 16847 | Lair:5   | Found a viscous altar of Jiyva.
 16847 | Lair:5   | Found a staircase to the Slime Pits.
 17877 | Lair:5   | Reached XP level 15. HP: 49/100 MP: 0/0
 17877 | Lair:5   | Learned a level 6 spell: Summon Cactus Giant
 17962 | Lair:5   | Found a corrupted altar of Lugonu.
 17962 | Lair:5   | Found a one-way gate to the infinite horrors of the Abyss.
 18219 | Orc:1    | Entered Level 1 of the Orcish Mines
 18219 | Orc:1    | Noticed Sonja
 18220 | Orc:1    | Sonja changed into Sonja the goblin
 18220 | Orc:1    | Noticed Sonja
 18231 | Orc:1    | Killed Sonja the goblin
 18393 | Orc:2    | Entered Level 2 of the Orcish Mines
 18398 | Orc:2    | Found Katott's Specific Store.
 18402 | Orc:2    | Found Ipsisyps's General Store.
 18408 | Orc:2    | Bought a scroll of enchant armour for 120 gold pieces
 18443 | Orc:2    | Noticed Snorg
 18451 | Orc:2    | Killed Snorg
 18452 | Orc:2    | Reached skill level 15 in Dodging
 18456 | Orc:2    | Found Firch's Antique Armour Boutique.
 18512 | Orc:1    | Reached skill level 1 in Evocations
 18526 | Orc:1    | You are sucked into a shaft and drop 1 floor!
 18527 | Orc:2    | Found Lihutet's Assorted Antiques.
 18604 | Orc:1    | Found a dark tunnel.
 18625 | Volcano  | Entered a volcano
 18986 | Orc:1    | Found a transporter.
 18986 | Orc:1    | Noticed wogdood's ghost (journeyman TrFi)
 19000 | Orc:1    | Found a transporter.
 19253 | Orc:2    | Bought a glowing scarf for 288 gold pieces
 19423 | Orc:2    | Reached skill level 5 in Evocations
 19460 | Orc:2    | Found Yhipruaz's Magic Scroll Boutique.
 19460 | Orc:2    | Found Imelubej's Antique Weapon Emporium.
 19466 | Orc:2    | Bought a scroll of fog for 52 gold pieces
 19466 | Orc:2    | Bought a scroll of enchant armour for 97 gold pieces
 19466 | Orc:2    | Bought a scroll of magic mapping for 97 gold pieces
 19539 | Orc:2    | Found Pineg's Assorted Antiques.
 19543 | Orc:2    | Noticed Rupert
 19564 | Orc:2    | Killed Rupert
 19575 | Orc:2    | Upgraded the game from 0.30-a0-779-g7971cf19c3 to
                  | 0.30-a0-782-ge64f9170bb
 19626 | Orc:2    | Bought a potion of curing for 96 gold pieces
 19836 | Orc:2    | Found a staircase to the Elven Halls.
 20047 | Orc:2    | Found Viklaetz's Distillery.
 20047 | Orc:2    | Found Feteoqez's Weapon Emporium.
 20053 | Orc:2    | Bought a potion of heal wounds for 65 gold pieces
 20053 | Orc:2    | Bought a potion of heal wounds for 65 gold pieces
 20053 | Orc:2    | Bought a potion of heal wounds for 65 gold pieces
 20098 | Orc:2    | Found Rarou's Assorted Antiques.
 20794 | D:12     | Noticed Lodul
 20812 | D:12     | Killed Lodul
 20814 | D:12     | Identified the +7 war axe of Foolhardiness {flame, +Blink
                  | rPois SInv Stlth+}
 20814 | D:12     | Noticed Nessos
 20822 | D:12     | Killed Nessos
 20877 | D:12     | Found a runed translucent door.
 20928 | D:12     | Noticed Nissa's ghost (journeyman MiFi)
 20951 | D:12     | Found Kysya's Weapon Shoppe.
 21226 | D:13     | Found a runed translucent door.
 21328 | D:13     | Reached XP level 16. HP: 50/108 MP: 0/0
 21709 | D:13     | Found a gate to the Vaults.
 22285 | D:13     | Found a runed translucent door.
 22287 | D:13     | Found a runed translucent door.
 22431 | D:13     | Reached skill level 15 in Fighting
 22691 | Lair:3   | Killed MCDelver's ghost
 23536 | D:13     | Reached skill level 1 in Shields
 24021 | D:14     | Reached skill level 10 in Evocations
 24298 | D:15     | Entered Level 15 of the Dungeon
 24485 | D:15     | Found a shimmering altar of Xom.
 24485 | D:15     | Noticed Josephine
 24660 | D:15     | Reached skill level 5 in Shields
 24757 | D:15     | Lost mutation: Your body sometimes deteriorates upon taking
                  | damage. [potion of mutation]
 24757 | D:15     | Lost mutation: You are frail. (-10% HP) [potion of
                  | mutation]
 24757 | D:15     | Gained mutation: You occasionally lose the ability to read
                  | scrolls when taking damage. [potion of mutation]
 24757 | D:15     | Gained mutation: You have a pair of small horns on your
                  | head. [potion of mutation]
 24757 | D:15     | Gained mutation: You have very sharp teeth. [potion of
                  | mutation]
 24758 | D:15     | Lost mutation: You have a pair of small horns on your head.
                  | [potion of mutation]
 24758 | D:15     | Lost mutation: You occasionally lose the ability to read
                  | scrolls when taking damage. [potion of mutation]
 24758 | D:15     | Gained mutation: Your natural rate of healing is unusually
                  | fast. [potion of mutation]
 24758 | D:15     | Gained mutation: You are partially covered in iridescent
                  | scales. (AC +2) [potion of mutation]
 24758 | D:15     | Gained mutation: Your flesh is almost immune to the effects
                  | of heat. (rF+++) [potion of mutation]
 24836 | D:15     | Reached XP level 17. HP: 121/131 MP: 0/0
 24836 | D:15     | Learned a level 6 spell: Conjure Ball Lightning
 25235 | D:15     | Killed Josephine
 25461 | D:15     | Found a staircase to the Depths.
 25901 | Spider:1 | Entered Level 1 of the Spider Nest
 26825 | Spider:2 | Noticed Jorgrun
 27014 | Spider:2 | Killed Jorgrun
 27893 | Spider:3 | Reached XP level 18. HP: 138/138 MP: 0/0
 28094 | Spider:3 | Reached skill level 10 in Shields
 28842 | Spider:3 | Identified a scroll of acquirement
 28854 | Spider:4 | Entered Level 4 of the Spider Nest
 28858 | Spider:4 | Reached skill level 13 in Spellcasting
 28867 | Spider:4 | Identified the +3 dagger "Aviadush" {freeze, Str+3}
 29050 | Spider:4 | Identified the +4 ring mail "Gysanywk" {rPois rC+ Stlth+}
 29187 | Spider:4 | Noticed Arachne
 29201 | Spider:4 | Killed Arachne
 29271 | Spider:4 | Reached skill level 14 in Spellcasting
 29633 | Spider:4 | Got a gossamer rune of Zot
 29718 | Spider:4 | Identified the +10 sling of the Crawling Thing {speed,
                  | Dex+2}
 30447 | Elf:1    | Entered Level 1 of the Elven Halls
 30457 | Elf:1    | Reached skill level 15 in Spellcasting
 30463 | Elf:1    | Reached XP level 19. HP: 99/143 MP: 0/0
 30463 | Elf:1    | Learned a level 7 spell: Enfeeble
 30587 | Elf:1    | Paralysed by an air elemental for 1 turns
 30641 | Elf:1    | Paralysed by an air elemental for 1 turns
 30828 | Abyss:2  | Cast into level 2 of the Abyss (a deep elf demonologist)
 30876 | Abyss:2  | Found a corrupted altar of Lugonu.
 30994 | Abyss:2  | Found a corrupted altar of Lugonu.
 31082 | Abyss:2  | Noticed a bone dragon
 31101 | Abyss:2  | Killed a bone dragon
 31297 | Abyss:2  | Found a corrupted altar of Lugonu.
 31302 | Abyss:2  | Found a corrupted altar of Lugonu.
 31302 | Abyss:2  | Found a corrupted altar of Lugonu.
 31358 | Abyss:2  | Found a corrupted altar of Lugonu.
 31378 | Abyss:2  | Found a corrupted altar of Lugonu.
 31378 | Abyss:2  | Found a corrupted altar of Lugonu.
 31381 | Abyss:2  | Noticed a bone dragon
 31407 | Abyss:2  | Killed a bone dragon
 31435 | Elf:1    | Escaped the Abyss
 32590 | Elf:2    | Found Pasixu's Jewellery Shop.
 32721 | Elf:2    | Found a runed translucent gate.
 32722 | Elf:2    | Found a runed translucent gate.
 32722 | Elf:2    | Found a runed translucent gate.
 32754 | Elf:2    | Reached XP level 20. HP: 117/149 MP: 0/0
 33317 | Elf:3    | Entered Level 3 of the Elven Halls
 34456 | Abyss:3  | Cast into level 3 of the Abyss (a deep elf sorcerer)
 34643 | Abyss:3  | Noticed a bone dragon
 34662 | Abyss:3  | Reached skill level 16 in Spellcasting
 34666 | Abyss:3  | Killed a bone dragon
 34732 | Elf:3    | Escaped the Abyss
 35174 | Abyss:3  | Cast into level 3 of the Abyss (a deep elf demonologist)
 35254 | Abyss:3  | Found a corrupted altar of Lugonu.
 35345 | Abyss:3  | Noticed a bone dragon
 35362 | Abyss:3  | Killed a bone dragon
 35423 | Abyss:3  | Noticed a dread lich
 35433 | Abyss:3  | Noticed a Hell Sentinel
 35439 | Abyss:3  | Killed a dread lich
 35440 | Abyss:3  | Reached skill level 17 in Spellcasting
 35440 | Abyss:3  | Reached XP level 21. HP: 91/155 MP: 0/0
 35440 | Abyss:3  | Learned a level 7 spell: Storm Form
 35447 | Elf:3    | Escaped the Abyss
 36035 | Elf:3    | Identified the +7 long sword of Impermanence {antimagic,
                  | Drain +Blink rC+ SInv}
 36233 | Elf:3    | Identified the +4 flail of Incongruity {antimagic, Will+}
 36235 | Elf:3    | Identified the +7 quarterstaff of Gehenna {holy, rC+ Dex+3}
 36311 | Elf:3    | Found the +15 Maxwell's patent armour {-Cast -Tele rElec
                  | Will+ rCorr}
 36319 | Elf:3    | Identified the ring "Fecowk" {rF+ rN+ Int+2}
 36689 | Vaults:1 | Entered Level 1 of the Vaults
 36811 | Vaults:1 | Found a crumbling gateway.
 36838 | Desolati | Entered the Desolation of Salt
 36895 | Desolati | Reached skill level 18 in Spellcasting
 37196 | Desolati | Identified the +6 chain mail of the Spider Nest {+Blink Fly
                  | rC+}
 37197 | Desolati | Identified the +7 flail of Sudden Death {freeze, SInv}
 37198 | Desolati | Identified the amulet of Niump {Acrobat Harm Regen+ Int+5
                  | Slay-6}
 37422 | Desolati | Identified the ring of Yendor {Ice rElec rN++ Int-4 Dex+4}
 37676 | Desolati | Acquired the ring of the Hare {EV+10}
 37676 | Desolati | Found the ring of the Hare {EV+10}
 37835 | Vaults:1 | You are sucked into a shaft and drop 1 floor!
 37841 | Vaults:2 | Noticed Margery
 37856 | Vaults:2 | Killed Margery
 37954 | Vaults:2 | Reached skill level 19 in Spellcasting
 37958 | Vaults:2 | Reached XP level 22. HP: 131/161 MP: 0/0
 38051 | Vaults:2 | Found a gateway to a bazaar.
 38060 | Vaults:2 | Identified the +0 scale mail of Pride {rF+}
 38731 | Vaults:2 | Found a staircase to the Crypt.
 38731 | Vaults:2 | Found a basalt altar of Yredelemnul.
 38814 | Vaults:2 | Noticed Boris
 38814 | Vaults:2 | Identified the +6 flail of the Apocalypse {flame, *Corrode
                  | rF++}
 38833 | Vaults:2 | Killed Boris
 39920 | Vaults:1 | Found Cony's Antique Armour Emporium.
 39925 | Vaults:1 | Bought a pair of glowing gloves for 262 gold pieces
 40512 | Vaults:1 | Reached skill level 20 in Spellcasting
 40804 | Bazaar   | Entered a bazaar
 40829 | Bazaar   | Found Loagh's Jewellery Boutique.
 40837 | Bazaar   | Bought the ring "Okyoz" {rCorr EV+5} for 777 gold pieces
 40846 | Bazaar   | Found Zuiboid's Assorted Antiques.
 40854 | Bazaar   | Bought a scroll of blinking for 187 gold pieces
 40854 | Bazaar   | Bought a potion of cancellation for 200 gold pieces
 40919 | Bazaar   | Found Caah Vyd's Assorted Antiques.
 40972 | Bazaar   | Found Runosk's Jewellery Emporium.
 41123 | Bazaar   | Bought a potion of might for 144 gold pieces
 41123 | Bazaar   | Bought a scroll of fear for 144 gold pieces
 41354 | Vaults:3 | Found the +5 glaive of the Guard {elec, spectral, AC+5}
 41480 | Vaults:3 | Reached XP level 23. HP: 166/166 MP: 0/0
 41480 | Vaults:3 | Learned a level 8 spell: Maxwell's Capacitive Coupling
 42060 | Vaults:3 | Reached skill level 15 in Armour
 43056 | Vaults:4 | Noticed Boris
 43068 | Vaults:4 | Killed Boris
 43367 | Vaults:4 | Noticed Bai Suzhen
 43386 | Vaults:4 | Killed Bai Suzhen
 44356 | Depths:1 | Entered Level 1 of the Depths
 44683 | Depths:1 | Found a gateway to Hell.
 44709 | Depths:1 | Found a white marble altar of Elyvilon.
 44710 | Depths:1 | Found a glowing golden altar of the Shining One.
 44711 | Depths:1 | Found a glowing silver altar of Zin.
 44746 | Depths:1 | Found a one-way gate leading to the halls of Pandemonium.
 44763 | Depths:1 | Reached XP level 24. HP: 165/175 MP: 0/0
 45305 | Depths:2 | Noticed Grunn
 45553 | Depths:2 | Noticed Vv
 45559 | Depths:2 | Killed Vv
 45842 | Depths:2 | Killed Grunn
 46358 | Depths:2 | Found a runed translucent door.
 46359 | Depths:2 | Noticed Lyshro Ryrr's ghost (adept VSWr)
 46548 | Depths:2 | Paralysed by a sphinx for 3 turns
 46562 | Depths:2 | Identified the +9 halberd of Radicalism {heavy, Int+2}
 47261 | Depths:2 | Killed Lyshro Ryrr's ghost
 47444 | Depths:2 | Identified the +2 quarterstaff "Zappman123's Foe" {freeze,
                  | rElec rF+ MP+9 Dex+4}
 47763 | Depths:3 | Found a transporter.
 47770 | Depths:3 | Noticed a dread lich
 47913 | Depths:3 | Found a one-way gateway to a ziggurat.
 47952 | Depths:3 | Reached XP level 25. HP: 173/181 MP: 0/0
 47952 | Depths:3 | Learned a level 9 spell: Fire Storm
 47991 | Depths:3 | Reached skill level 21 in Spellcasting
 48544 | Depths:3 | Identified the +6 arbalest of Death {elec, Str+6}
 49260 | Depths:4 | Entered Level 4 of the Depths
 49481 | Depths:4 | Noticed Parghit
 49485 | Depths:4 | Killed Parghit
 49612 | Depths:4 | Noticed the Enchantress
 49620 | Depths:4 | Killed the Enchantress
 49694 | Depths:4 | Reached skill level 22 in Spellcasting
 49857 | Depths:4 | Found a gate to the Realm of Zot.
 50410 | Shoals:1 | Entered Level 1 of the Shoals
 51254 | Shoals:2 | Found Cutiolurph's Antique Armour Shop.
 51286 | Shoals:2 | Found Ikanoll's Antique Weapon Emporium.
 51587 | Shoals:2 | Bought an ancient ring mail for 189 gold pieces
 51587 | Shoals:2 | Identified the +5 ring mail of the Past {Int+5} (You bought
                  | it in a shop on level 2 of the Shoals)
 51587 | Shoals:2 | Bought a transparent chain mail for 199 gold pieces
 51587 | Shoals:2 | Identified the +1 chain mail of Ru's Envy {-Tele rElec
                  | rC+++ SInv} (You bought it in a shop on level 2 of the
                  | Shoals)
 51644 | Shoals:2 | Found Parph's Book Emporium.
 52168 | Shoals:3 | Noticed Aizul
 52179 | Shoals:3 | Killed Aizul
 52544 | Shoals:3 | Reached XP level 26. HP: 186/187 MP: 0/0
 52836 | Shoals:4 | Entered Level 4 of the Shoals
 53413 | Shoals:4 | Identified the ring "Kejinn" {rC+ rN+ Int+2}
 53669 | Shoals:4 | Reached skill level 23 in Spellcasting
 53720 | Shoals:4 | Got a barnacled rune of Zot
 54504 | Crypt:1  | Entered Level 1 of the Crypt
 54577 | Crypt:1  | Identified the +12 spear "Otut" {heavy, Will+ rCorr}
 55191 | Crypt:2  | Noticed Zenata
 55204 | Crypt:2  | Killed Zenata
 55280 | Crypt:2  | Noticed Donald
 55309 | Crypt:2  | Killed Donald
 56069 | Crypt:3  | Entered Level 3 of the Crypt
 56493 | Crypt:3  | Reached skill level 24 in Spellcasting
 56831 | Crypt:3  | Noticed Sojobo
 56837 | Crypt:3  | Killed Sojobo
 57079 | Crypt:3  | Found a staircase to the Tomb.
 57207 | Crypt:3  | Noticed a curse toe
 57211 | Crypt:3  | Reached XP level 27. HP: 171/193 MP: 0/0
 57211 | Crypt:3  | Learned a level 9 spell: Dragon's Call
 57239 | Crypt:2  | HP: 1/193 [ancient champion/+1 great mace of draining (26)]
 57410 | Crypt:3  | Noticed an ancient lich
 57416 | Crypt:3  | Killed an ancient lich
 57567 | Crypt:3  | Identified the ring of Xustaa Hoxu {rF+ Str+2 Int+6 Stlth+}
 57849 | Crypt:3  | Found the amulet of the Four Winds {rN+ Will+++ Clar}
 58484 | D:2      | Bought a phantom mirror for 1200 gold pieces
 58911 | Vaults:5 | Entered Level 5 of the Vaults
 59506 | Slime:1  | Entered Level 1 of the Pits of Slime
 59653 | Slime:5  | Entered Level 5 of the Pits of Slime
 59671 | Slime:5  | Reached skill level 25 in Spellcasting
 59688 | Slime:5  | Noticed the Royal Jelly
 59882 | Slime:5  | Killed the Royal Jelly
 60143 | Slime:5  | Identified the +1 leather armour of Calculation {rF+}
 60149 | Slime:5  | Identified the ring "Detzor" {Fire rElec rN+ Int+3 Slay-4}
 60171 | Slime:5  | Identified the ring "Ifuxeedgha" {Wiz Int+5 Stlth+}
 60175 | Slime:5  | Identified the +0 ring mail of Capt {rF- rC+ Will++}
 60181 | Slime:5  | Identified the amulet of the Keeping Gods {Acrobat rElec
                  | rF+ Regen+}
 60214 | Slime:5  | Got a slimy rune of Zot
 60215 | Slime:5  | Identified the +7 quick blade of Hoiff {spect, Str+5}
 60508 | Slime:5  | Acquired 584 gold pieces
 60509 | Slime:5  | Acquired 843 gold pieces
 60510 | Slime:5  | Acquired a manual of Evocations
 60511 | Slime:5  | Acquired the -1 pair of gloves of Vyiciut {rF+ rC+ Str+2}
 60514 | Slime:5  | Acquired 852 gold pieces
 60796 | D:4      | Bought a scroll of enchant armour for 105 gold pieces
 60796 | D:4      | Bought a scroll of blinking for 105 gold pieces
 61105 | Zot:1    | Entered Level 1 of the Realm of Zot
 61105 | Zot:1    | You are sucked into a shaft and drop 1 floor!
 61578 | Zot:1    | Identified the +0 robe "Ofint" {Regen+}
 61931 | Zot:1    | Reached skill level 26 in Spellcasting
 62452 | Zot:4    | Noticed a Killer Klown
 62585 | Zot:3    | Killed a Killer Klown
 62864 | Zot:5    | Entered Level 5 of the Realm of Zot
 63431 | Zot:5    | Noticed an orb of fire
 63439 | Zot:5    | Killed an orb of fire
 63454 | Zot:5    | Noticed a Killer Klown
 63458 | Zot:5    | Killed a Killer Klown
 63472 | Zot:5    | Noticed a dread lich
 63476 | Zot:5    | Killed a dread lich
 63552 | Zot:5    | Noticed an ancient lich
 63556 | Zot:5    | Killed an ancient lich
 64026 | Zot:5    | Noticed a Killer Klown
 64031 | Zot:5    | Killed a Killer Klown
 64057 | Zot:5    | Noticed an orb of fire
 64063 | Zot:5    | Killed an orb of fire
 64065 | Zot:5    | Noticed an orb of fire
 64071 | Zot:5    | Noticed an orb of fire
 64074 | Zot:5    | Noticed a dread lich
 64076 | Zot:5    | Killed an orb of fire
 64077 | Zot:5    | Gained mutation: Armour fits poorly on your strangely
                  | shaped body. [an orb of fire]
 64081 | Zot:5    | Killed an orb of fire
 64207 | Zot:5    | Noticed a dread lich
 64211 | Zot:5    | Killed a dread lich
 64225 | Zot:5    | Killed a dread lich
 64281 | Zot:5    | Noticed an ancient lich
 64285 | Zot:5    | Killed an ancient lich
 64363 | Zot:5    | Got the Orb of Zot
 64368 | Zot:5    | Gained mutation: You are frail. (-10% HP) [mutagenic glow]
 64390 | Zot:5    | Gained mutation: You occasionally lose the ability to drink
                  | potions when taking damage. [mutagenic glow]
 64884 | D:$      | Escaped with the Orb!

Illustrated notes

Levels and vault maps discovered:
D:1:      dpeg_arrival_castle, layout_basic,
          hellmonk_ecumenical_altar_dog_temple, minmay_3d_cube
D:2:      layout_basic, serial_shops, shop, uniq_robin
D:3:      minmay_recursive_quarters, layout_basic, st_stairs_14
D:4:      layout_basic, nicolae_gozag_seed_capital, serial_shops, shop,
          uniq_pikel
D:5:      layout_rooms, kennysheep_mini, serial_curves, eino_curves_04,
          eino_curves_01
D:6:      layout_loops_cross, temple_pool_b, cheibrodos_sewer_entry_sluice,
          gammafunk_ghost_arena
D:7:      layout_loops_ring, chei_slow_surprise, kennysheep_generic_room_16
D:8:      layout_cave_pods
D:9:      layout_basic, nicolae_overflow_hallway_of_the_gods,
          erik_lair_orcish_takeover, serial_shops, nicolae_shop_behind_doors
D:10:     layout_rooms, mainiacjoe_overflow_tiny_flanked,
          minmay_orc_entry_temple_small, nrook_loot_triangle
D:11:     layout_long_grid
D:12:     layout_rooms, serial_shops, shop_statue,
          ebering_ghost_reflecting_pool, uniq_lodul, uniq_nessos
D:13:     minmay_the_grid_four_pointed_star
          [minmay_the_grid_triangle_9x9_negative_grid,
          minmay_the_grid_triangle_9x9_stretched_checkered,
          minmay_the_grid_triangle_9x9_thin_v,
          minmay_the_grid_triangle_9x9_fully_insulated_deathbox,
          minmay_the_grid_prize_big_room], layout_rooms, hangedman_decor_lopped,
          kennysheep_four_rooms
D:14:     layout_cave_pools, eino_jars
D:15:     hangedman_depths_entry_try_elsewhere_first, layout_cross,
          xom_confusion_cloud, uniq_josephine
Lair:1:   layout_roguey, infiniplex_staircase_pool_2, grunt_megastairs_4
Lair:2:   layout_chaotic_city, dummy_spider_entry
Lair:3:   layout_gridlike, shoals_dummy_entry, gammafunk_ghost_grave,
          serial_bayou_shore_a
Lair:4:   layout_roguey, ebering_ghost_inner_flame
Lair:5:   hellmonk_lair_end_abyssal_woods, layout_loops_ring,
          nicolae_slime_entry_field_trip, portal_ice_cave_entry_ice_simulacra,
          gauntlet_entry_generic, grunt_megastairs_3
Shoals:1: layout_shoals, nicolae_shoals_land_atoll
Shoals:2: layout_shoals, serial_shops, nicolae_shop_crystal, shop_statue,
          nicolae_lakefront_shop, abandoned_shop
Shoals:3: layout_shoals, uniq_aizul
Shoals:4: shoals_end_hangedman, layout_shoals
Spider:1: layout_chambers, hangedman_spider_tarantella_strand
Spider:2: layout_spider_delve, uniq_jorgrun
Spider:3: layout_chambers
Spider:4: johnstein_spider_rune_arachne_lair, nicolae_spider_cling_ruins,
          uniq_arachne
Slime:1:  layout_caves, cheibrodos_slime_lost_civilization_7
Slime:2:  layout_caves
Slime:3:  layout_caves
Slime:4:  layout_caves
Slime:5
Orc:1:    layout_caves, enter_volcano_2, gammafunk_ghost_stat_death, uniq_sonja
Orc:2:    st_orc_town, layout_caves, basic_altar, serial_shops,
          nicolae_shop_statue_plus, nicolae_shop_hallway_plus,
          nicolae_shop_advertising_works [nicolae_subvault_shop_adworks],
          nicolae_shop_hallway_plus, nicolae_specific_store,
          minmay_orc_barracks, uniq_rupert, uniq_snorg
Elf:1:    minmay_elf_arrival_plus, layout_onion_city, minmay_elf_sorcery,
          minmay_elf_demonology
Elf:2:    nicolae_elf_blades_crystal_corner, layout_geoelf_grid, serial_shops,
          shop, nicolae_concentric_dashed_squares_wild
Elf:3:    minmay_elf_hall, layout_geoelf_castle
Vaults:1: portal_desolation_entry_nicolae_nacl, v_misc_18,
          hangedman_vaults_slice, ontoclasm_vaults_ligature, vaults_dpeg_doors,
          ontoclasm_vaults_ring_large, v_misc_10,
          nicolae_vaults_twisting_passages, hangedman_vaults_maws,
          hangedman_vaults_corner_blocks, nicolae_vaults_meeting,
          grunt_vaults_trifunnel, vaults_room_stairs_pillars,
          vaults_dpeg_emergency_exit, layout_vaults_maze_bifur, serial_shops,
          shop
Vaults:2: minmay_crypt_entry_necro_gods, nicolae_vaults_rhombus_7,
          nicolae_vaults_little_ls, nicolae_vaults_ring_of_whatevers,
          vaults_mumra_chevron, grunt_vaults_funneled_arena,
          dpeg_vaults_monster_box, v_alt_pattern_1, grunt_vaults_focal,
          vaults_dpeg_diagonal, ontoclasm_vaults_bender, ontoclasm_vaults_twist,
          vaults_dpeg_ring, layout_vaults_big_cross, serial_shops,
          bzr_in_the_mist, uniq_boris, uniq_margery
Vaults:3: hangedman_vaults_hat, vaults_dpeg_hooks, grunt_vaults_bifocal,
          v_alt_pattern_3, nicolae_vaults_theta, nicolae_vaults_ninety_degrees,
          nicolae_vaults_ring_of_whatevers, ontoclasm_vaults_decontamination,
          layout_vaults_chaotic_city
Vaults:4: hangedman_vaults_locks, nicolae_vaults_mini_display_case,
          nicolae_vaults_shelves_hall, hangedman_vaults_trim, v_misc_19,
          nicolae_vaults_little_squares_3, grunt_vaults_twisty, st_cells,
          v_misc_32, v_pattern_2, v_misc_15, layout_vaults_ring, uniq_bai_suzhen
Vaults:5: serial_shops
Crypt:1:  layout_rooms, serial_sigils_hangedman_gut, hangedman_weighted_door
Crypt:2:  layout_misc_corridors, uniq_zenata, uniq_donald
Crypt:3:  due_elkab, layout_chaotic_city, uniq_sojobo
Depths:1: layout_roguey, good_gods_temple_1, pan_entry, pf_coc_iceberg,
          kennysheep_minor_cross, st_stairs_11, skrybe_limestone_x,
          hangedman_abyss_or_decor_stagger, lemuel_old_faithful
Depths:2: nzn_winding_woodlands_three_and_one
          [nzn_winding_woodlands_5x15_pockets,
          nzn_winding_woodlands_5x15_sawtooth, nzn_winding_woodlands_5x15_pool,
          nzn_winding_woodlands_center_lodge], layout_long_grid,
          muffindrake_ghost_dead_mans_drink, pan_entry, abyss_entry,
          pf_hell_entry_tar_spiral, kennysheep_another_room, uniq_grunn, uniq_vv
Depths:3: gammafunk_sealed_library, layout_gridlike, enter_ziggurat_a,
          lightli_too_deep, abyss_entry, minivault_16, uniq_josephina
Depths:4: grunt_zot_entry_funnels, layout_cave_pools, hell_entry, uniq_parghit,
          uniq_enchantress
Zot:1:    layout_basic
Zot:2:    lemuel_draconian_sentries_small, layout_twisted_circle,
          lemuel_elevator
Zot:3:    cheibrodos_zot_enchanting_chambers, layout_concentric_octagons,
          gammafunk_ghost_split, st_stairs_6
Zot:4:    kennysheep_ambush_hall, layout_twisted_circle,
          kennysheep_underground_church
Zot:5:    layout_misc_corridors

Skill      XL: |  1  2  3  4  5  6  7  8  9 10 11 12 13 14 15 16 17 18 19 20 21 22 23 24 25 26 27 |
---------------+----------------------------------------------------------------------------------+-----
Short Blades   | 3 4 |  4.0
Spellcasting   | 3 4 5 6 8 11 12 15 17 19 20 22 24 26 | 26.0
Fighting       | 4 5 6 10 12 13 15 16 17 | 17.9
Armour         | 2 6 9 10 12 14 16 18 19 | 19.6
Dodging        | 3 6 9 10 14 15 18 19 | 19.9
Evocations     | 8 10 11 12 13 14 | 14.0
Shields        | 5 9 10 | 10.0

Action                     |  1- 3 |  4- 6 |  7- 9 | 10-12 | 13-15 | 16-18 | 19-21 | 22-24 | 25-27 || total
---------------------------+-------+-------+-------+-------+-------+-------+-------+-------+-------++-------
  Melee: Short sword       |   119 |    19 |    19 |    44 |    50 |     5 |   120 |    23 |    41 ||   440
         Punch             |     2 |       |       |     2 |     3 |       |       |       |       ||     7
         Staff             |       |       |       |     6 |     5 |     1 |     6 |     1 |     4 ||    23
         Bite              |       |       |       |       |       |       |    24 |     6 |    11 ||    41
         Spear             |       |       |       |       |       |       |       |       |     1 ||     1
  Throw: Dart              |       |     2 |     5 |     8 |    10 |     8 |     5 |     4 |       ||    42
   Cast: Scorch            |     9 |    71 |   140 |   524 |   707 |   476 |   407 |   477 |   747 ||  3558
         Gell's Gravitas   |       |       |       |     4 |       |       |       |       |       ||     4
         Ensorcelled Hiber |       |       |       |     1 |     2 |       |       |       |       ||     3
         Borgnjor's Vile C |       |       |       |       |    93 |   170 |   242 |   222 |   115 ||   842
         Summon Cactus Gia |       |       |       |       |    39 |   108 |    90 |    96 |   127 ||   460
         Conjure Ball Ligh |       |       |       |       |       |    33 |    37 |    38 |    18 ||   126
         Enfeeble          |       |       |       |       |       |       |     8 |     4 |     4 ||    16
         Storm Form        |       |       |       |       |       |       |       |     1 |       ||     1
         Maxwell's Capacit |       |       |       |       |       |       |       |    29 |   174 ||   203
         Fire Storm        |       |       |       |       |       |       |       |       |    40 ||    40
         Dragon's Call     |       |       |       |       |       |       |       |       |     9 ||     9
 Invoke: Fiery Armour      |     3 |       |     2 |     2 |       |       |       |       |       ||     7
         Foxfire Swarm     |       |       |     1 |     2 |     1 |       |       |       |       ||     4
Ability: End Transformatio |       |       |       |       |       |       |       |     1 |       ||     1
  Evoke: Wand              |       |       |     3 |    15 |    16 |     6 |    10 |    22 |    13 ||    85
         Lightning rod     |       |       |       |       |     9 |    11 |    28 |    32 |    23 ||   103
         Box of beasts     |       |       |       |       |     2 |     1 |     6 |     6 |     8 ||    23
         Condenser vane    |       |       |       |       |       |     3 |     7 |     9 |     6 ||    25
         Phantom mirror    |       |       |       |       |       |       |       |       |     2 ||     2
    Use: Scroll            |       |     6 |     1 |    14 |     8 |    10 |     3 |     5 |    19 ||    66
         Potion            |       |       |     7 |     3 |     3 |     3 |    11 |     2 |     5 ||    34
   Stab: Invisible         |       |       |       |     1 |       |       |     5 |     1 |     4 ||    11
         Sleeping          |       |       |       |     1 |       |       |       |       |       ||     1
         Distracted        |       |       |       |       |       |       |     1 |       |       ||     1
 Armour: Robe              |    42 |    19 |     2 |       |       |       |       |       |       ||    63
         Scale mail        |       |       |    35 |   231 |       |       |       |       |       ||   266
         Troll leather arm |       |       |       |    31 |   189 |   263 |       |       |       ||   483
         Ring mail         |       |       |       |       |       |     4 |   140 |    21 |   172 ||   337
         Chain mail        |       |       |       |       |       |       |    94 |    70 |       ||   164
  Dodge: Dodged            |    80 |    32 |    61 |   265 |   388 |   504 |   307 |   375 |   980 ||  2992
  Block: Buckler           |       |       |       |       |       |   137 |   205 |   179 |   460 ||   981

Table legend: (Time is in decaauts)
 A = Elapsed time spent in this place.
 B = Non-inter-level travel time spent in this place.
 C = Inter-level travel time spent in this place.
 D = Time resting spent in this place.
 E = Time spent auto-exploring this place.
 F = Levels seen in this place.
 G = Mean time per level.
                   A        B        C        D        E       F      G
               +--------+--------+--------+--------+--------+-----+--------+
         Total |  64819 |  53915 |  10904 |   5873 |  31641 |  63 | 1028.9 |
       Dungeon |  19148 |  14935 |   4213 |   2696 |   8924 |  15 | 1276.5 |
          Lair |   6418 |   5037 |   1381 |    125 |   3560 |   5 | 1283.6 |
        Shoals |   3723 |   3461 |    262 |    116 |   2496 |   4 |  930.8 |
   Spider Nest |   4406 |   3858 |    548 |    178 |   2604 |   4 | 1101.5 |
    Slime Pits |   1087 |    953 |    134 |    204 |    415 |   5 |  217.4 |
  Orcish Mines |   2262 |   1800 |    462 |     36 |   1179 |   2 | 1131.0 |
   Elven Halls |   4920 |   4182 |    738 |    610 |   1982 |   3 | 1640.0 |
        Vaults |   7148 |   5600 |   1548 |    470 |   3535 |   5 | 1429.6 |
         Crypt |   3613 |   3279 |    334 |    283 |   1944 |   3 | 1204.3 |
        Depths |   5443 |   4410 |   1033 |    241 |   2616 |   4 | 1360.8 |
           Zot |   3325 |   3079 |    246 |    840 |   1110 |   5 |  665.0 |
         Abyss |   1126 |   1126 |      0 |     29 |      0 |   3 |  375.3 |
        Bazaar |    349 |    349 |      0 |      0 |    263 |   1 |  349.0 |
         Sewer |    364 |    364 |      0 |      0 |    312 |   1 |  364.0 |
       Volcano |    247 |    247 |      0 |      0 |    134 |   1 |  247.0 |
    Desolation |    909 |    909 |      0 |     44 |    363 |   1 |  909.0 |
      Gauntlet |    323 |    323 |      0 |      0 |    203 |   1 |  323.0 |
               +--------+--------+--------+--------+--------+-----+--------+

Top non-repeatable levels by time:
   Elf:3: 2423 daAuts
Vaults:2: 2184 daAuts
Depths:2: 2131 daAuts
Vaults:1: 1771 daAuts
    D:13: 1712 daAuts
Vaults:4: 1674 daAuts
 Crypt:3: 1629 daAuts
   Orc:2: 1565 daAuts
  Lair:5: 1533 daAuts
Vaults:3: 1513 daAuts
     D:4: 1500 daAuts
     D:9: 1478 daAuts
    D:11: 1448 daAuts
   Zot:5: 1443 daAuts
    D:14: 1426 daAuts
